 Dungeon Crawl Stone Soup version 0.29.1-14-g9c671dbff4 (webtiles) character file.

Game seed: 762595137703944705

138 protoss039 the Digger (level 5, 0/39 HPs)
             Began as a Demonspawn Earth Elementalist on Feb 18, 2023.
             Slain by gargbit's ghost (11 damage)
             ... on level 2 of the Dungeon.
             The game lasted 00:03:28 (2951 turns).

protoss039 the Digger (DsEE)                        Turns: 2951, Time: 00:03:29

Health: 0/39       AC:  6    Str:  8    XL:     5   Next: 1%
Magic:  6/9        EV: 12    Int: 24    God:
Gold:   212        SH:  5    Dex: 14    Spells: 2/10 levels left

rFire   . . .      SeeInvis .   o - +1 dagger (venom)
rCold   . . .      Faith    .   (no shield)
rNeg    . . .      Spirit   .   a - +0 robe
rPois   .          Reflect  +   (no helmet)
rElec   .          Harm     .   (no cloak)
rCorr   .          Rampage  .   (no gloves)
Will    .....                   d - +0 pair of boots
Stlth   ++........              g - amulet of reflection
HPRegen 0.13/turn               l - +6 ring of intelligence
MPRegen 0.11/turn               (no ring)

@: no status effects
A: thin metallic scales 2
a: no special abilities


You were on level 2 of the Dungeon.
You visited 1 branch of the dungeon, and saw 3 of its levels.

You collected 212 gold pieces.

Inventory:

Hand Weapons
 o - a +1 dagger of venom (weapon)
Missiles
 c - 7 poisoned darts
Armour
 a - a +0 robe (worn)
 d - a +0 pair of boots (worn)
Jewellery
 g - an amulet of reflection (around neck)
 l - a +6 ring of intelligence (left hand)
 t - a +4 ring of evasion
Wands
 q - a wand of flame (8)
Scrolls
 f - a scroll of summoning {unknown}
 i - 2 scrolls of poison {unknown}
 j - 2 scrolls of vulnerability {unknown}
 m - a scroll of fear {unknown}
 n - a scroll of amnesia {unknown}
 p - a scroll of butterflies {unknown}
 u - a scroll of teleportation {unknown}
Potions
 b - a potion of magic
 e - a potion of resistance {unknown}
 h - a potion of berserk rage {unknown}
 k - 2 potions of curing
 r - 3 potions of haste {unknown}
 s - 2 potions of lignification {unknown}
 v - a potion of brilliance {unknown}


   Skills:
 + Level 2.3 Fighting
 - Level 1.7 Dodging
 - Level 1.7 Stealth
 + Level 3.0 Spellcasting
 + Level 1.3 Conjurations
 - Level 1.0 Transmutations
 + Level 3.5 Earth Magic


You had 2 spell levels left.
You knew the following spells:

 Your Spells              Type           Power      Damage    Failure   Level
a - Sandblast             Erth           40%        2d10      2%          1
b - Passwall              Tmut/Erth      11%        N/A       6%          2
c - Stone Arrow           Conj/Erth      30%        3d8       12%         3
d - Wereblood             Tmut           8%         N/A       11%         2

Your spell library contained the following spells:

 Spells                   Type           Power      Damage    Failure   Level
 Beastly Appendage        Tmut           16%        N/A       7%          1
 Spider Form              Tmut/Pois      6%         N/A       26%         3
 Petrify                  Tmut/Erth      14%        N/A       38%         4


Dungeon Overview and Level Annotations

Branches:
Dungeon (3/15) Zot: 15026

Altars:

Annotations:
D:2 gargbit's ghost, weakling DgFi


Innate Abilities, Weirdness & Mutations

You are mostly covered in thin metallic scales. (AC +3)


Message History

Aim: gargbit's ghost (72% to hit)
The stone arrow hits gargbit's ghost but does no damage.
You howl as the wereblood boils in your veins!
You block gargbit's ghost's attack.
Unknown command.
You howl as the wereblood boils in your veins!
Your primal bloodlust has ended.
Gargbit's ghost attacks as you move away!
You block gargbit's ghost's attack.
Press: ? - help, v - describe, . - travel
Here: gargbit's ghost The floor.
Gargbit's ghost says, "You must not succeed where I failed!"
Gargbit's ghost whispers, "Everlasting silence awaits you..."
Gargbit's ghost attacks as you move away!
Gargbit's ghost misses you.
Gargbit's ghost hits you but does no damage.
Gargbit's ghost attacks as you move away!
Gargbit's ghost completely misses you.
Gargbit's ghost attacks as you move away!
Gargbit's ghost hits you but does no damage.
Gargbit's ghost attacks as you move away!
Gargbit's ghost barely misses you.
Gargbit's ghost attacks as you move away!
Gargbit's ghost hits you!
You hit gargbit's ghost but do no damage.
Gargbit's ghost barely misses you.
Gargbit's ghost attacks as you move away!
Gargbit's ghost misses you.
Gargbit's ghost screams, "You will never get the ORB!"
Gargbit's ghost attacks as you move away!
Gargbit's ghost hits you.
* * * LOW HITPOINT WARNING * * *
There is a stone staircase leading up here.
Gargbit's ghost barely misses you.
You climb upwards.
There is a stone staircase leading down here.
Gargbit's ghost attacks as you move away!
Gargbit's ghost hits you!
You die...

..#...#......#.# #.......#
..###.#......#.######.#.##.#
..# #........#........#.##.#
'## ##....#########...#.##.#
.# #..)...# #...#.#.##.# .#
#....#.#####...#.#.##.# .#
#..........#...#.#.##.#
.#####...##.....#...#.#.##.#
.##...########..@...#.#.##.#
.......#######.>#W#.#.#.##.#
.......#............#.#.##.#
.#.#.....########.#...#.##.#
.#.#.###.# ###.⌠...⌠..#.#
...#.# #.# #.#........#.#
.(...###.######.#...>....#.#
........................##.#
....###.##########..⌠...##.#


You could see gargbit's ghost.

Vanquished Creatures
  4 gnolls (D:2)
  5 adders
  3 dart slugs (D:3)
  6 ball pythons
  An endoplasm (D:1)
  3 giant cockroaches
  3 goblins
  9 hobgoblins
  5 quokkas
  A bat (D:3)
  2 frilled lizards (D:1)
  7 kobolds
  3 rats (D:1)
52 creatures vanquished.

Notes
Turn   | Place    | Note
-------+----------+-------------------------------------------
     0 | D:1      | protoss039 the Demonspawn Earth Elementalist began the
                  | quest for the Orb.
     0 | D:1      | Reached XP level 1. HP: 13/13 MP: 3/3
   154 | D:1      | Gained mutation: You are partially covered in thin metallic
                  | scales. (AC +2) [demonic ancestry]
   154 | D:1      | Reached XP level 2. HP: 19/20 MP: 1/5
   472 | D:1      | Reached skill level 1 in Fighting
   771 | D:1      | Found a faded altar of an unknown god.
  1412 | D:2      | Reached XP level 3. HP: 26/26 MP: 2/6
  1685 | D:2      | Learned a level 2 spell: Passwall
  1689 | D:2      | Learned a level 3 spell: Stone Arrow
  1878 | D:2      | Reached skill level 1 in Transmutations
  2082 | D:2      | Gained mutation: You are mostly covered in thin metallic
                  | scales. (AC +3) [demonic ancestry]
  2082 | D:2      | Reached XP level 4. HP: 33/33 MP: 4/8
  2335 | D:2      | Learned a level 2 spell: Wereblood
  2605 | D:3      | Noticed gargbit's ghost (weakling DgFi)
  2606 | D:3      | Found a runed translucent door.
  2673 | D:3      | Reached skill level 1 in Conjurations
  2894 | D:3      | Reached XP level 5. HP: 39/39 MP: 7/9
  2951 | D:2      | Slain by gargbit's ghost

Illustrated notes

Levels and vault maps discovered:
D:1:      matt_arrival_grand_opening, layout_basic,
          hellmonk_ecumenical_altar_inner_sanctum, minmay_misc_feat_ornament
D:2:      layout_basic, nrook_loot_triangle, grunt_ministairs_1,
          kennysheep_generic_room_13
D:3:      layout_basic, ebering_ghost_sewer_d, corner_web_ring

Skill      XL: |  1  2  3  4 |
---------------+-------------+-----
Fighting       | 1 2 |  2.3
Earth Magic    | 3 |  3.5
Transmutations | 1 |  1.0
Conjurations   | 1 |  1.3
Spellcasting   | 3 |  3.0
Dodging        | |  1.7
Stealth        | |  1.7

Action                   |  1- 3 |  4- 6 || total
-------------------------+-------+-------++-------
Melee: Whip              |    25 |       ||    25
       Short sword       |     7 |       ||     7
       Dagger            |    13 |    47 ||    60
 Cast: Sandblast         |    31 |    11 ||    42
       Wereblood         |       |     2 ||     2
       Stone Arrow       |       |     1 ||     1
 Stab: Sleeping          |     2 |     1 ||     3
Armor: Robe              |    20 |    27 ||    47
Dodge: Dodged            |    42 |    44 ||    86
Block: Other             |    11 |    12 ||    23
